 Dungeon Crawl Stone Soup version 0.29.1-13-g9f3cf754e1 (webtiles) character file.

Game seed: 8968712457542875811

88 theswoord the Shooter (level 4, -1/33 HPs)
             Began as a Demonspawn Hunter on Jan 23, 2023.
             Slain by an orc wizard
             ... wielding a +0 dagger
              (2 damage)
             ... on level 4 of the Dungeon.
             The game lasted 00:03:33 (2675 turns).

theswoord the Shooter (Demonspawn Hunter)           Turns: 2675, Time: 00:03:34

Health: -1/33      AC:  3    Str: 13    XL:     4   Next: 30%
Magic:  4/4        EV: 12    Int: 11    God:
Gold:   184        SH:  0    Dex: 18    Spells: 3/3 levels left

rFire   . . .      SeeInvis .   a - +0 shortbow
rCold   . . .      Faith    .   (shield currently unavailable)
rNeg    . . .      Spirit   .   c - +0 leather armour
rPois   .          Reflect  .   (no helmet)
rElec   .          Harm     .   (no cloak)
rCorr   .          Rampage  .   (no gloves)
Will    .....                   (no boots)
Stlth   +++.......              (no amulet)
HPRegen 0.11/turn               (no ring)
MPRegen 0.09/turn               (no ring)

@: lethally poisoned (-1 -> -6)
A: claws 1, thin skeletal structure 1
a: no special abilities


You were on level 4 of the Dungeon.
You visited 1 branch of the dungeon, and saw 4 of its levels.

You collected 184 gold pieces.

Inventory:

Hand Weapons
 a - a +0 shortbow (weapon)
Armour
 c - a +0 leather armour (worn)
 d - a +2 hat
Wands
 n - a wand of quicksilver (8)
Scrolls
 b - 2 scrolls of immolation
 e - a scroll of vulnerability
 g - a scroll of torment {unknown}
 h - 2 scrolls of identify
 i - a scroll of fear
 j - a scroll of poison {unknown}
 m - a scroll of blinking {unknown}
Potions
 f - a potion of degeneration
 k - a potion of lignification {unknown}
 o - a potion of flight {unknown}


   Skills:
 - Level 2.0 Fighting
 + Level 5.3 Ranged Weapons
 - Level 1.7 Dodging
 - Level 0.8 Stealth


You had 3 spell levels left.
You didn't know any spells.
Your spell library was empty.

Dungeon Overview and Level Annotations

Branches:
Dungeon (4/15)
 Temple: D:4-7

Altars:
Sif Muna
Vehumet
Wu Jian


Innate Abilities, Weirdness & Mutations

You have sharp fingernails.
You have a somewhat thin skeletal structure. (Dex +2, Stealth+)


Message History

You feel sick.
You feel sick.
You feel sick.
The orc wizard mumbles some strange words.
The orc wizard flickers and vanishes!
You feel sick.
There is an open door here.
The orc attacks as you move away! The orc barely misses you.
You feel sick.
You feel sick.
You feel sick.
You feel sick.
You are no longer poisoned.
Sorry, you're not good enough to have a special ability.
You feel better.
The orc hits you with a +0 flail of venom.
* * * LOW HITPOINT WARNING * * *
You are poisoned.
Sorry, you're not good enough to have a special ability.
You feel better. The orc barely misses you.
You shoot an arrow. The arrow hits the orc.
The orc is moderately wounded.
The orc hits you with a +0 flail of venom.
You are poisoned.
You shoot an arrow. The arrow hits the orc.
The orc is severely wounded.
You feel very sick. The orc closely misses you.
You shoot an arrow.
You feel very sick. Something hits you.
* * * LOW HITPOINT WARNING * * *
You hear some strange, mumbled words.
A puff of flame appears from out of thin air!
The puff of flame hits you!
* * * LOW HITPOINT WARNING * * *
You shoot an arrow. The arrow hits the orc.
The orc is heavily wounded.
* * * LOW HITPOINT WARNING * * *
You feel sick. Something hits you.
You die...

+..o...+....#
.......##.#.#...#
#.o...##.#.#...#
##....##.#.#...#
#....##.#.#...#
#.#####.#.#...###
#..####'#.#..... .
#.........#.o#####....
#.........'o{.@.......
#..........########...#
...######........... ..
... .............####..
..# ##.......###.#.....
.... .. #######........#.#
...## .. ####..##.#.#
......
##########.....#.###......
...........>...#........#


You could see 2 orcs.

Vanquished Creatures
  2 adders
  A worm (D:3)
  3 dart slugs
  2 orcs (D:3)
  4 endoplasms
  2 giant cockroaches (D:1)
  7 goblins
  6 hobgoblins
  4 jackals
  4 quokkas
  2 ball pythons (D:1)
  4 bats
  A frilled lizard (D:2)
  5 kobolds
  9 rats
56 creatures vanquished.

Vanquished Creatures (others)
  A plant (D:1)
1 creature vanquished.

Grand Total: 57 creatures vanquished

Notes
Turn   | Place    | Note
-------+----------+-------------------------------------------
     0 | D:1      | theswoord the Demonspawn Hunter began the quest for the
                  | Orb.
     0 | D:1      | Reached XP level 1. HP: 16/16 MP: 1/1
   422 | D:1      | Reached skill level 4 in Ranged Weapons
   425 | D:1      | Gained mutation: You have sharp fingernails. [demonic
                  | ancestry]
   425 | D:1      | Reached XP level 2. HP: 22/22 MP: 2/2
   518 | D:1      | You fall into a shaft and drop 1 floor!
   648 | D:2      | Gained mutation: You have a somewhat thin skeletal
                  | structure. (Dex +2, Stealth+) [demonic ancestry]
   648 | D:2      | Reached XP level 3. HP: 27/27 MP: 3/3
  1323 | D:1      | Found a faded altar of an unknown god.
  1957 | D:3      | Found a shimmering blue altar of Sif Muna.
  1968 | D:3      | Reached skill level 5 in Ranged Weapons
  2155 | D:3      | Reached XP level 4. HP: 33/33 MP: 4/4
  2336 | D:3      | Found an ornate altar of the Wu Jian Council.
  2380 | D:3      | Found a radiant altar of Vehumet.
  2675 | D:4      | HP: 1/33 [poisoned by an orc]
  2675 | D:4      | Slain by an orc wizard

Skill      XL: |  1  2  3 |
---------------+----------+-----
Ranged Weapons | 4 5 |  5.3
Fighting       | |  2.0
Dodging        | |  1.7
Stealth        | |  0.8

Action                   |  1- 3 |  4- 6 || total
-------------------------+-------+-------++-------
 Fire: Shortbow          |    97 |    45 ||   142
  Use: Scroll            |     4 |       ||     4
       Potion            |     1 |     2 ||     3
Armor: Leather armour    |    15 |     2 ||    17
Dodge: Dodged            |    24 |    14 ||    38

Levels and vault maps discovered:
D:1:      shiori_arrival_elements, layout_basic,
          shapermc_ecumenical_altar_hornbeckon, minivault_27
D:2:      layout_basic, chequers_serial_rivers_large_a, palyth_stone_intersect
D:3:      layout_rooms, vehumet_altar_wand_db,
          mainiacjoe_overflow_cross_hatched, nicolae_wu_jian_wuxing_cycle,
          minmay_misc_feat_rugged, grunt_decor_mini_mirrors
D:4:      layout_basic, chei_slow_surprise, uniq_ijyb
